 Dungeon Crawl Stone Soup version 0.23-a0-446-g036aa52d93 (webtiles) character file.

35 Hercules1031 the Ducker (level 3, -3/19 HPs)
             Began as a Spriggan Monk on Nov 18, 2018.
             Killed from afar by an orc wizard (8 damage)
             ... with a magic dart
             ... on level 2 of the Dungeon.
             The game lasted 00:02:44 (967 turns).

Hercules1031 the Ducker (Spriggan Monk)              Turns: 967, Time: 00:02:45

Health: -3/19      AC:  2    Str:  7    XL:     3   Next: 17%
Magic:  4/4        EV: 21    Int: 11    God:
Gold:   58         SH:  0    Dex: 19    Spells: 2/2 levels left

rFire    . . .     SeeInvis +   a - +0 short sword
rCold    . . .     Gourm    .   (shield restricted)
rNeg     . . .     Faith    .   b - +0 robe
rPois    .         Spirit   .   (helmet restricted)
rElec    .         Reflect  .   (no cloak)
rCorr    .         Harm     .   (gloves unavailable)
MR       .....                  (boots unavailable)
Stlth    +++.......             (no amulet)
HPRegen  0.06/turn              (no ring)
MPRegen  0.09/turn              (no ring)

@: very quick
A: very small, unfitting armour, see invisible, herbivore, speed 3, slow
metabolism 2
a: no special abilities


You were on level 2 of the Dungeon.
You were not hungry.

You visited 1 branch of the dungeon, and saw 2 of its levels.

You collected 58 gold pieces.

Inventory:

Hand Weapons
 a - a +0 short sword (weapon)
Armour
 b - a +0 robe (worn)
Scrolls
 d - a scroll of immolation {unknown}
 f - a scroll of identify {unknown}
Potions
 e - a potion of resistance {unknown}
 g - a potion of degeneration {unknown}
Comestibles
 c - 2 rations


   Skills:
 - Level 2.4 Fighting
 + Level 3.6 Short Blades
 * Level 5.2 Dodging
 * Level 4.3 Stealth


You had 2 spell levels left.
You didn't know any spells.
Your spell library was empty.

Dungeon Overview and Level Annotations

Branches:
Dungeon (2/15)

Altars:


Innate Abilities, Weirdness & Mutations

You are very small and have problems with some larger weapons.
You are too small for most types of armour.
You have supernaturally acute eyesight. (SInv)
You are a herbivore.
You cover ground extremely quickly.
You need to consume almost no food.


Message History

You hit the orc wizard.
The orc wizard is lightly wounded.
The orc wizard points at you and mumbles some strange words.
The puff of frost misses you.
You closely miss the orc wizard.
The orc wizard is lightly wounded.
The orc wizard hits you but does no damage.
The orc wizard closely misses you.
You closely miss the orc wizard.
The orc wizard is lightly wounded.
The orc wizard barely misses you.
Unknown command.
You closely miss the orc wizard. The orc wizard casts a spell at you.
The magic dart hits you!
* * * LOW HITPOINT WARNING * * *
You hit the orc wizard but do no damage.
The orc wizard casts a spell at you. The magic dart hits you!
You die...

........#######
#.............# .#
..####.#####.# .# [. #.#
#.# .# ....# #.# #.# .#
#...####.## #.# .#
#...#.....# #.# .###.##
#...#.##..####.##oo.....
#...#.#.........@oo...#
#.....#...####.########
#.........# #.#
....#.#...####.##
.#.†....(........
...##.#...#######
#........<# #.###.##..#
..........#


You could see 3 orc wizards and an orc.

Vanquished Creatures
  An ooze (D:1)
  A worm (D:2)
  2 dart slugs (D:1)
  A leopard gecko (D:2)
  A ball python (D:1)
  A giant cockroach (D:1)
  A goblin (D:1)
  2 hobgoblins (D:1)
  3 jackals (D:1)
  3 bats (D:1)
  A frilled lizard (D:1)
  3 kobolds (D:1)
  4 rats (D:1)
24 creatures vanquished.

Notes
Turn   | Place    | Note
-------+----------+-------------------------------------------
     0 | D:1      | Hercules1031 the Spriggan Monk began the quest for the Orb.
     0 | D:1      | Reached XP level 1. HP: 11/11 MP: 2/2
   296 | D:1      | Reached XP level 2. HP: 13/16 MP: 3/3
   329 | D:1      | Reached skill level 5 in Dodging
   727 | D:1      | Reached XP level 3. HP: 17/19 MP: 4/4
   967 | D:2      | Killed from afar by an orc wizard

Vault maps used:
D:1:      minmay_arrival_up_and_down, minmay_domino_2
D:2:      xom_teletrap_fun

Skill      XL: |  1  2 |
---------------+-------+-----
Dodging        | 5 |  5.2
Stealth        | 4 |  4.3
Fighting       | |  2.4
Short Blades   | |  3.6

Action                   || total
-------------------------++-------
Melee: Short sword       ||   102
  Use: Potion            ||     1
 Stab: Sleeping          ||     6
Armor: Robe              ||     8
Dodge: Dodged            ||   117

Table legend:
 A = Non-vault XP
 B = Vault XP
 C = Vault XP percentage of total XP
 D = Non-vault monster count
 E = Vault monster count
 F = Vault count percentage of total count
                 A         B        C        D         E       F
            +---------+---------+-------+---------+---------+-------
      Total |      44 |       7 |  13.7 |      23 |       1 |   4.2
            +---------+---------+-------+---------+---------+-------
        D:1 |      36 |       7 |  16.3 |      21 |       1 |   4.5
        D:2 |       8 |       0 |   0.0 |       2 |       0 |   0.0
            +---------+---------+-------+---------+---------+-------
